Little Stars vs Blackdemons
Created - October 15, 2017 at 09:02
Goals
|
| Little Stars |
1 |
1 |
1 |
3 |
| Blackdemons |
2 |
2 |
0 |
4 |
|
Shots
|
| Little Stars |
18 |
12 |
17 |
47 |
| Blackdemons |
10 |
12 |
15 |
37 |
|
1st period
1. Blackdemons , Noel Acciari 1 (Scott Wilson 1, Alexandre Grenier 2) at 2:34
2. Blackdemons , Patrice Cormier 1 (Mikko Lehtonen 1) at 8:47
3. Little Stars , Jesse Joensuu 1 (Dana Tyrell 2) at 18:39 (PP)
Penalties :
Blake Pietila (MJM) for Roughing (Minor) at 3:36, Keaton Ellerby (MJM) for Tripping (Minor) at 18:04
2nd period
4. Little Stars , Dana Tyrell 1 (Brian Flynn 3, Shawn Matthias 1) at 0:30
5. Blackdemons , Blake Pietila 2 (Andrew MacDonald 3, Keaton Ellerby 1) at 7:39
6. Blackdemons , Noel Acciari 2 (Jeffrey Foss 2) at 19:12
Penalties :
Shawn Matthias (Tex) for Hooking (Minor) at 12:51, Alexandre Grenier (MJM) for High sticking (Minor) at 13:33, Mackenzie MacEachern (MJM) for Interference (Minor) at 16:59
3rd period
7. Little Stars , Yannick Weber 1 (Andrej Sustr 1, Dana Tyrell 3) at 1:37
Penalties :
Keaton Ellerby (MJM) for Roughing (Minor) at 8:00
Goalie Stats
Jhonas Enroth (Tex), 33 saves from 37 shots - (0.892), L, 1-1-0, 58:45 minutes
Matt Hackett (MJM), 44 saves from 47 shots - (0.936), W, 1-1-0, 60:00 minutes
Players Stats for Little Stars
Player Name G A P +/- PIM S H SB GA TA FO MP PP MP PK MP
------------------------------------------------------------------------------------
Alex Chiasson 0 0 0 -1 0 5 1 0 1 0 0/3 25:15 3:45 0:38
Alexander Vasyunov 0 0 0 -1 0 0 1 0 0 0 0/2 13:01 0:03 0:38
Andrej Sustr 0 1 1 0 0 3 0 3 0 3 0/0 25:06 2:50 0:14
Brian Flynn 0 1 1 -1 0 2 5 1 1 0 15/32 21:40 3:45 0:00
Dana Tyrell 1 2 3 0 0 1 3 0 0 0 9/16 17:40 3:26 0:00
Daniel O'regan 0 0 0 0 0 2 1 0 0 0 1/2 7:52 0:00 0:04
Hugh Jessiman 0 0 0 0 0 3 2 0 0 0 0/0 17:44 3:26 0:00
Jesper Fast 0 0 0 -1 0 3 1 1 0 0 0/0 12:30 0:00 0:00
Jesse Joensuu 1 0 1 0 0 3 1 0 1 0 2/2 17:54 3:29 0:04
Mathieu Perreault 0 0 0 -1 0 2 2 0 0 0 1/3 13:01 0:00 0:00
Nail Yakupov 0 0 0 0 0 0 1 0 0 0 0/0 6:41 0:00 0:00
Niklas Hjalmarsson 0 0 0 -2 0 0 3 1 1 1 0/0 28:31 4:24 0:28
Phil Oreskovic 0 0 0 -1 0 7 4 0 2 0 0/0 27:32 4:24 0:28
Robert Klinkhammer 0 0 0 0 0 6 0 0 0 0 0/0 6:41 0:00 0:00
Shawn Matthias 0 1 1 -1 2 8 3 0 0 1 2/2 21:42 3:48 0:00
Tyler Wotherspoon 0 0 0 0 0 0 0 1 0 0 0/0 0:31 0:00 0:00
Tyson Barrie 0 0 0 -1 0 1 1 1 0 1 0/0 15:30 0:00 0:00
Yannick Weber 1 0 1 0 0 1 1 7 0 0 0/0 19:09 2:50 0:14
Players Stats for Blackdemons
Player Name G A P +/- PIM S H SB GA TA FO MP PP MP PK MP
------------------------------------------------------------------------------------
Alexandre Grenier 0 1 1 1 2 2 2 1 0 0 0/0 16:41 0:14 1:44
Andrew MacDonald 0 1 1 0 0 5 4 1 1 0 0/0 25:40 0:42 4:59
Blake Pietila 1 0 1 2 2 2 1 1 0 0 2/4 17:48 0:27 0:42
Brett Kulak 0 0 0 0 0 0 0 1 0 0 0/0 8:01 0:00 0:39
Calvin de Haan 0 0 0 3 0 3 2 0 0 2 0/0 17:34 0:00 2:15
Charles-Olivier Roussel 0 0 0 -1 0 0 0 2 0 0 0/0 9:53 0:00 1:13
Jacob Lagacé 0 0 0 -1 0 0 0 0 0 0 0/0 12:17 0:00 0:00
James Livingstone 0 0 0 -1 0 1 0 0 1 0 0/1 12:17 0:00 0:00
Jeffrey Foss 0 1 1 3 0 1 0 1 1 0 0/0 17:34 0:00 2:15
Jyrki Jokipakka 0 0 0 0 0 0 1 2 0 0 0/0 7:04 0:00 0:00
Keaton Ellerby 0 1 1 0 4 0 1 2 1 2 0/0 24:33 0:42 3:07
Kyle Rau 0 0 0 0 0 3 2 0 0 0 0/0 7:04 0:00 0:00
Mackenzie MacEachern 0 0 0 1 2 1 0 0 0 1 0/0 7:17 0:00 0:00
Mathew Dumba 0 0 0 -1 0 0 0 3 0 0 0/0 9:42 0:00 0:00
Max Friberg 0 0 0 0 0 1 0 0 0 0 0/0 8:23 0:00 1:17
Mikko Lehtonen 0 1 1 2 0 4 1 3 0 1 2/4 22:26 0:27 4:14
Noel Acciari 2 0 2 1 0 3 2 1 1 0 6/16 17:17 0:15 2:04
Patrice Cormier 1 0 1 2 0 4 2 0 0 0 19/32 22:29 0:27 4:17
Scott Timmins 0 0 0 -1 0 3 1 0 0 0 3/5 12:32 0:00 0:00
Scott Wilson 0 1 1 0 0 4 2 0 1 0 0/0 14:52 0:15 0:10
3 Stars
1 - Noel Acciari (MJM)
2 - Dana Tyrell (Tex)
3 - Patrice Cormier (MJM)
Power Play
Little Stars - 1 on 5 Attempt(s) - 20.00%
Blackdemons - 0 on 1 Attempt(s) - 0.00%
Penalty Kill
Little Stars - 1 on 1 Attempt(s) - 100.00%
- Score 0 goal in Penalty Kill
Blackdemons - 4 on 5 Attempt(s) - 80.00%
- Score 0 goal in Penalty Kill
Team Stat
Little Stars - Hits : 30 - Faceoff Wins : 30 - Blocked Shots : 15 - Penalty Minutes : 2
Blackdemons - Hits : 21 - Faceoff Wins : 32 - Blocked Shots : 18 - Penalty Minutes : 10
Official
Referees : Walkom Stephen and Hasenfratz Mike
Linesman : Jay Sharrers and Lyle Seitz
Game Notes
Tyler Wotherspoon is injured at 1:31 of 1st period (Right Knee)
Finance
Level 1 -- Attendance: 1581 (79.05%) -- Ticket Income $63,240
Level 2 -- Attendance: 754 (75.40%) -- Ticket Income $15,080
Total Attendance: 2335 (77.83%)
Total Ticket Income: $78,320
Other Income: $3,916
Total Income: $82,236
Little Stars
5 vs 5 Forward
Center Left Wing Right Wing Time % Phy DF OF
1 Brian Flynn Shawn Matthias Alex Chiasson 40 1 2 2
2 Dana Tyrell Jesse Joensuu Hugh Jessiman 30 1 2 2
3 Mathieu Perreault Alexander Vasyunov Jesper Fast 20 1 2 2
4 Daniel O'regan Robert Klinkhammer Nail Yakupov 10 1 2 2
5 vs 5 Defense
Defense Defense Time % Phy DF OF
1 Niklas Hjalmarsson Phil Oreskovic 40 1 2 2
2 Andrej Sustr Yannick Weber 30 1 2 2
3 Tyson Barrie Tyler Wotherspoon 20 1 2 2
4 Niklas Hjalmarsson Phil Oreskovic 10 1 2 2
PowerPlay Forward
Center Left Wing Right Wing Time % Phy DF OF
1 Brian Flynn Shawn Matthias Alex Chiasson 60 1 2 2
2 Dana Tyrell Jesse Joensuu Hugh Jessiman 40 1 2 2
PowerPlay Defense
Defense Defense Time % Phy DF OF
1 Niklas Hjalmarsson Phil Oreskovic 60 1 2 2
2 Andrej Sustr Yannick Weber 40 1 2 2
Penalty Kill 4 Players Forward
Center Wing Time % Phy DF OF
1 Alex Chiasson Shawn Matthias 60 1 2 2
2 Hugh Jessiman Brian Flynn 40 1 2 2
Penalty Kill 4 Players Defense
Defense Defense Time % Phy DF OF
1 Niklas Hjalmarsson Phil Oreskovic 60 1 2 2
2 Andrej Sustr Yannick Weber 40 1 2 2
Penalty Kill - 3 Players Forward
Forward Time % Phy DF OF
1 Alex Chiasson 60 1 2 2
2 Shawn Matthias 40 1 2 2
Penalty Kill - 3 Players Defense
Defense Defense Time % Phy DF OF
1 Niklas Hjalmarsson Phil Oreskovic 60 1 2 2
2 Andrej Sustr Yannick Weber 40 1 2 2
4 vs 4 Forward
Center Wing Time % Phy DF OF
1 Alex Chiasson Shawn Matthias 60 1 2 2
2 Hugh Jessiman Brian Flynn 40 1 2 2
4 vs 4 Defense
Defense Defense Time % Phy DF OF
1 Niklas Hjalmarsson Phil Oreskovic 60 1 2 2
2 Andrej Sustr Yannick Weber 40 1 2 2
Last Minutes Offensive
Center Left Wing Right Wing Defense Defense
Brian Flynn Shawn Matthias Alex Chiasson Niklas Hjalmarsson Phil Oreskovic
Last Minutes Defensive
Center Left Wing Right Wing Defense Defense
Brian Flynn Shawn Matthias Alex Chiasson Niklas Hjalmarsson Phil Oreskovic
Goaltenders
Starting : Jhonas Enroth
Backup : Peter Delmas
Extra Forwards
Normal : Mathieu Perreault, Jesper Fast, Alexander Vasyunov - PP : Mathieu Perreault, Jesper Fast - PK : Alexander Vasyunov
Extra Defensemen
Normal : Tyson Barrie, Tyler Wotherspoon, Andrej Sustr - PP : Tyson Barrie - PK : Tyler Wotherspoon, Andrej Sustr
Penalty Shots
Alex Chiasson, Shawn Matthias, Hugh Jessiman, Brian Flynn, Dana Tyrell
Scratches
Michael Mersch (Healthy), Scott Harrington (Healthy), Reece Willcox (Healthy), Ville Pokka (Healthy), Tyler Wotherspoon (Right Knee Injury)
Alexander Khokhlachev (Healthy), Anthony Camara (Healthy), Daniel Catenacci (Healthy), Duncan Siemens (Healthy), Dillon Simpson (Healthy)
Scott Kosmachuck (Healthy), Laurent Brossoit (Healthy), Anthony Stolarz (Healthy)
Blackdemons
5 vs 5 Forward
Center Left Wing Right Wing Time % Phy DF OF
1 Patrice Cormier Blake Pietila Mikko Lehtonen 40 1 2 2
2 Noel Acciari Scott Wilson Alexandre Grenier 30 1 2 2
3 Scott Timmins Jacob Lagacé James Livingstone 20 1 2 2
4 Kyle Rau Mackenzie MacEachern Max Friberg 10 1 2 2
5 vs 5 Defense
Defense Defense Time % Phy DF OF
1 Keaton Ellerby Andrew MacDonald 40 1 2 2
2 Calvin de Haan Jeffrey Foss 30 1 2 2
3 Mathew Dumba Charles-Olivier Roussel 20 1 2 2
4 Brett Kulak Jyrki Jokipakka 10 1 2 2
PowerPlay Forward
Center Left Wing Right Wing Time % Phy DF OF
1 Patrice Cormier Blake Pietila Mikko Lehtonen 60 1 2 2
2 Noel Acciari Scott Wilson Alexandre Grenier 40 1 2 2
PowerPlay Defense
Defense Defense Time % Phy DF OF
1 Keaton Ellerby Andrew MacDonald 60 1 2 2
2 Calvin de Haan Jeffrey Foss 40 1 2 2
Penalty Kill 4 Players Forward
Center Wing Time % Phy DF OF
1 Patrice Cormier Mikko Lehtonen 60 1 2 2
2 Noel Acciari Alexandre Grenier 40 1 2 2
Penalty Kill 4 Players Defense
Defense Defense Time % Phy DF OF
1 Keaton Ellerby Andrew MacDonald 60 1 2 2
2 Calvin de Haan Jeffrey Foss 40 1 2 2
Penalty Kill - 3 Players Forward
Forward Time % Phy DF OF
1 Patrice Cormier 60 1 2 2
2 Mikko Lehtonen 40 1 2 2
Penalty Kill - 3 Players Defense
Defense Defense Time % Phy DF OF
1 Keaton Ellerby Andrew MacDonald 60 1 2 2
2 Calvin de Haan Jeffrey Foss 40 1 2 2
4 vs 4 Forward
Center Wing Time % Phy DF OF
1 Patrice Cormier Mikko Lehtonen 60 1 2 2
2 Noel Acciari Alexandre Grenier 40 1 2 2
4 vs 4 Defense
Defense Defense Time % Phy DF OF
1 Keaton Ellerby Andrew MacDonald 60 1 2 2
2 Calvin de Haan Jeffrey Foss 40 1 2 2
Last Minutes Offensive
Center Left Wing Right Wing Defense Defense
Patrice Cormier Blake Pietila Mikko Lehtonen Keaton Ellerby Andrew MacDonald
Last Minutes Defensive
Center Left Wing Right Wing Defense Defense
Patrice Cormier Blake Pietila Mikko Lehtonen Keaton Ellerby Andrew MacDonald
Goaltenders
Starting : Matt Hackett
Backup : Sami Aittokallio
Extra Forwards
Normal : Scott Timmins, James Livingstone, Max Friberg - PP : Scott Timmins, James Livingstone - PK : Max Friberg
Extra Defensemen
Normal : Mathew Dumba, Charles-Olivier Roussel, Brett Kulak - PP : Mathew Dumba - PK : Charles-Olivier Roussel, Brett Kulak
Penalty Shots
Patrice Cormier, Mikko Lehtonen, Noel Acciari, Alexandre Grenier, Scott Timmins
Scratches
Sergei Plotnikov (Fractured Bone in Left Hand Injury), Dan Bertram (Healthy), Colin Smith (Healthy), Klas Dahlbeck (Healthy), Reece Scarlett (Healthy)
Ben Maxwell (Healthy), Nicolas Deschamps (Healthy), Alexander Salak (Healthy)
% Time on Ice - Little Stars
Lines # - Real PCT - Wanted PCT - Time Play
Normal Forward
1 - 34% - 40% - 16:48
2 - 29% - 30% - 14:14
3 - 24% - 20% - 11:57
4 - 13% - 10% - 6:41
Normal Defense
1 - 37% - 40% - 18:16
2 - 28% - 30% - 13:48
3 - 32% - 20% - 16:03
4 - 3% - 10% - 1:33
PP Forward
1 - 53% - 60% - 3:48
2 - 47% - 40% - 3:26
PP Defense
1 - 61% - 60% - 4:24
2 - 39% - 40% - 2:50
PK Forward
1 - 100% - 60% - 0:42
2 - 0% - 40% - 0:00
PK Defense
1 - 67% - 60% - 0:28
2 - 33% - 40% - 0:14
PK3 Forward
1 - 0% - 60%
2 - 0% - 40%
PK3 Defense
1 - 0% - 60%
2 - 0% - 40%
44 Forward
1 - 100% - 60% - 1:17
2 - 0% - 40% - 0:00
44 Defense
1 - 56% - 60% - 0:43
2 - 44% - 40% - 0:34
Last Minute Offensive - 1:07
Last Minute Defensive - 0:00
Total
Forward - 60:00
Defense - 60:00
|
% Time on Ice - Blackdemons
Lines # - Real PCT - Wanted PCT - Time Play
Normal Forward
1 - 32% - 40% - 15:59
2 - 29% - 30% - 14:43
3 - 25% - 20% - 12:17
4 - 14% - 10% - 7:04
Normal Defense
1 - 40% - 40% - 20:03
2 - 29% - 30% - 14:16
3 - 17% - 20% - 8:40
4 - 14% - 10% - 7:04
PP Forward
1 - 64% - 60% - 0:27
2 - 36% - 40% - 0:15
PP Defense
1 - 100% - 60% - 0:42
2 - 0% - 40% - 0:00
PK Forward
1 - 71% - 60% - 5:10
2 - 29% - 40% - 2:04
PK Defense
1 - 69% - 60% - 4:59
2 - 31% - 40% - 2:15
PK3 Forward
1 - 0% - 60%
2 - 0% - 40%
PK3 Defense
1 - 0% - 60%
2 - 0% - 40%
44 Forward
1 - 81% - 60% - 1:02
2 - 19% - 40% - 0:15
44 Defense
1 - 18% - 60% - 0:14
2 - 82% - 40% - 1:03
Last Minute Offensive - 0:00
Last Minute Defensive - 0:44
Total
Forward - 60:00
Defense - 60:00
|
Play by Play
1st period
0:01 of 1st period - Patrice Cormier wins face-off versus Brian Flynn in neutral zone.
0:06 of 1st period - Snap shot by Andrew MacDonald.
0:06 of 1st period - Shot Misses the Net.
0:26 of 1st period - Alexandre Grenier is hit by Niklas Hjalmarsson and loses puck.
1:07 of 1st period - Wrist shot by Scott Timmins.
1:07 of 1st period - Shot Blocked by Tyson Barrie.
1:31 of 1st period - Slapshot by Mikko Lehtonen.
1:31 of 1st period - Shot Blocked by Tyler Wotherspoon.
1:31 of 1st period - Tyler Wotherspoon from Little Stars is injured at 1:31 of 1st period (Right Knee).
1:32 of 1st period - Noel Acciari wins face-off versus Dana Tyrell in Little Stars zone.
1:42 of 1st period - Off-side.
1:43 of 1st period - Shawn Matthias wins face-off versus Patrice Cormier in neutral zone.
1:46 of 1st period - Wrist shot by Brian Flynn.
1:46 of 1st period - Shot Misses the Net.
1:48 of 1st period - Slapshot by Shawn Matthias.
1:48 of 1st period - Stopped by Matt Hackett with a rebound.
1:50 of 1st period - Snap shot by Alex Chiasson.
1:50 of 1st period - Shot Misses the Net.
1:56 of 1st period - Slapshot by Alex Chiasson.
1:56 of 1st period - Stopped by Matt Hackett with a rebound.
1:58 of 1st period - Snap shot by Phil Oreskovic.
1:58 of 1st period - Shot Blocked by Mathew Dumba.
2:10 of 1st period - Slapshot by Mathieu Perreault.
2:10 of 1st period - Shot Misses the Net.
2:14 of 1st period - Snap shot by Alexander Vasyunov.
2:14 of 1st period - Shot Blocked by Mathew Dumba.
2:26 of 1st period - Slapshot by Mikko Lehtonen.
2:26 of 1st period - Stopped by Jhonas Enroth without a rebound.
2:27 of 1st period - Noel Acciari wins face-off versus Dana Tyrell in Little Stars zone.
2:30 of 1st period - Wrist shot by Alexandre Grenier.
2:30 of 1st period - Stopped by Jhonas Enroth with a rebound.
2:32 of 1st period - Wrist shot by Scott Wilson.
2:32 of 1st period - Stopped by Jhonas Enroth with a rebound.
2:34 of 1st period - Wrist shot by Noel Acciari.
2:34 of 1st period - Goal by Noel Acciari - Little Stars : 0 - Blackdemons : 1.
2:35 of 1st period - Shawn Matthias wins face-off versus Noel Acciari in neutral zone.
3:01 of 1st period - Phil Oreskovic is hit by Calvin de Haan and loses puck.
3:06 of 1st period - Wrist shot by Scott Timmins.
3:06 of 1st period - Stopped by Jhonas Enroth without a rebound.
3:07 of 1st period - Scott Timmins wins face-off versus Dana Tyrell in Little Stars zone.
3:20 of 1st period - Wrist shot by Hugh Jessiman.
3:20 of 1st period - Shot Blocked by Jyrki Jokipakka.
3:22 of 1st period - Slapshot by Andrej Sustr.
3:22 of 1st period - Stopped by Matt Hackett without a rebound.
3:23 of 1st period - Brian Flynn wins face-off versus Patrice Cormier in Blackdemons zone.
3:34 of 1st period - Snap shot by Shawn Matthias.
3:34 of 1st period - Shot Blocked by Mikko Lehtonen.
3:36 of 1st period - Minor Penalty to Blake Pietila for Roughing.
3:37 of 1st period - Patrice Cormier wins face-off versus Brian Flynn in Blackdemons zone.
3:42 of 1st period - Phil Oreskovic is hit by Patrice Cormier and loses puck.
4:03 of 1st period - Niklas Hjalmarsson is hit by Noel Acciari and loses puck.
4:12 of 1st period - Backhand shot by Calvin de Haan.
4:12 of 1st period - Deflect By Niklas Hjalmarsson.
4:12 of 1st period - Stopped by Jhonas Enroth without a rebound.
4:13 of 1st period - Brian Flynn wins face-off versus Patrice Cormier in Little Stars zone.
5:36 of 1st period - Penalty to Blake Pietila is over, Blake Pietila is back on ice.
5:40 of 1st period - Mikko Lehtonen is hit by Phil Oreskovic and loses puck.
6:02 of 1st period - Snap shot by Mathieu Perreault.
6:02 of 1st period - Deflect By Jesper Fast.
6:02 of 1st period - Stopped by Matt Hackett without a rebound.
6:03 of 1st period - Daniel O'regan wins face-off versus Noel Acciari in Blackdemons zone.
6:34 of 1st period - Snap shot by Jesper Fast.
6:34 of 1st period - Stopped by Matt Hackett with a rebound.
6:36 of 1st period - Wrist shot by Mathieu Perreault.
6:36 of 1st period - Stopped by Matt Hackett with a rebound.
6:38 of 1st period - Wrist shot by Phil Oreskovic.
6:38 of 1st period - Stopped by Matt Hackett without a rebound.
6:39 of 1st period - Brian Flynn wins face-off versus James Livingstone in Blackdemons zone.
6:40 of 1st period - Wrist shot by Alex Chiasson.
6:40 of 1st period - Stopped by Matt Hackett with a rebound.
6:46 of 1st period - Wrist shot by Shawn Matthias.
6:46 of 1st period - Stopped by Matt Hackett without a rebound.
6:47 of 1st period - Brian Flynn wins face-off versus Scott Timmins in Blackdemons zone.
7:04 of 1st period - Keaton Ellerby is hit by Brian Flynn and loses puck.
8:28 of 1st period - Snap shot by James Livingstone.
8:28 of 1st period - Stopped by Jhonas Enroth with a rebound.
8:37 of 1st period - Off-side.
8:38 of 1st period - Patrice Cormier wins face-off versus Dana Tyrell in neutral zone.
8:47 of 1st period - Snap shot by Patrice Cormier.
8:47 of 1st period - Goal by Patrice Cormier - Little Stars : 0 - Blackdemons : 2.
8:48 of 1st period - Patrice Cormier wins face-off versus Dana Tyrell in neutral zone.
10:14 of 1st period - Slapshot by Nail Yakupov.
10:14 of 1st period - Shot Blocked by Noel Acciari.
10:59 of 1st period - Keaton Ellerby is hit by Nail Yakupov and loses puck.
11:12 of 1st period - Alexandre Grenier is hit by Brian Flynn and loses puck.
11:45 of 1st period - Slapshot by Andrew MacDonald.
11:45 of 1st period - Shot Misses the Net.
12:20 of 1st period - Slapshot by Andrew MacDonald.
12:20 of 1st period - Shot Misses the Net.
12:34 of 1st period - Wrist shot by Scott Timmins.
12:34 of 1st period - Deflect By Andrej Sustr.
12:34 of 1st period - Stopped by Jhonas Enroth with a rebound.
12:44 of 1st period - Jeffrey Foss is hit by Shawn Matthias and loses puck.
12:55 of 1st period - Snap shot by Noel Acciari.
12:55 of 1st period - Shot Misses the Net.
12:57 of 1st period - Slapshot by Jeffrey Foss.
12:57 of 1st period - Shot Blocked by Andrej Sustr.
12:59 of 1st period - Slapshot by Calvin de Haan.
12:59 of 1st period - Shot Blocked by Andrej Sustr.
13:15 of 1st period - Wrist shot by Yannick Weber.
13:15 of 1st period - Shot Blocked by Charles-Olivier Roussel.
13:19 of 1st period - Snap shot by Robert Klinkhammer.
13:19 of 1st period - Shot Misses the Net.
13:36 of 1st period - Brett Kulak is hit by Mathieu Perreault and loses puck.
13:49 of 1st period - Jesse Joensuu is hit by Blake Pietila.
13:53 of 1st period - Mikko Lehtonen is hit by Dana Tyrell and loses puck.
14:21 of 1st period - Brian Flynn is hit by Scott Wilson and loses puck.
14:44 of 1st period - Snap shot by Jesper Fast.
14:44 of 1st period - Stopped by Matt Hackett without a rebound.
14:45 of 1st period - Dana Tyrell wins face-off versus Patrice Cormier in Blackdemons zone.
14:46 of 1st period - Slapshot by Hugh Jessiman.
14:46 of 1st period - Stopped by Matt Hackett with a rebound.
15:51 of 1st period - Keaton Ellerby is hit by Dana Tyrell.
15:58 of 1st period - Icing by Hugh Jessiman.
15:59 of 1st period - Dana Tyrell wins face-off versus Patrice Cormier in Little Stars zone.
16:04 of 1st period - Patrice Cormier is hit by Jesse Joensuu and loses puck.
16:27 of 1st period - Snap shot by Jesse Joensuu.
16:27 of 1st period - Stopped by Matt Hackett with a rebound.
16:29 of 1st period - Slapshot by Phil Oreskovic.
16:29 of 1st period - Stopped by Matt Hackett without a rebound.
16:30 of 1st period - Brian Flynn wins face-off versus Noel Acciari in Blackdemons zone.
16:35 of 1st period - Snap shot by Brian Flynn.
16:35 of 1st period - Shot Blocked by Alexandre Grenier.
16:37 of 1st period - Slapshot by Andrej Sustr.
16:37 of 1st period - Shot Misses the Net.
16:45 of 1st period - Slapshot by Alex Chiasson.
16:45 of 1st period - Shot Misses the Net.
16:55 of 1st period - Andrew MacDonald is hit by Daniel O'regan and loses puck.
17:00 of 1st period - Wrist shot by Nail Yakupov.
17:00 of 1st period - Shot Misses the Net.
17:06 of 1st period - Snap shot by Robert Klinkhammer.
17:06 of 1st period - Stopped by Matt Hackett with a rebound.
17:08 of 1st period - Slapshot by Phil Oreskovic.
17:08 of 1st period - Stopped by Matt Hackett without a rebound.
17:09 of 1st period - Brian Flynn wins face-off versus Mikko Lehtonen in Blackdemons zone.
17:12 of 1st period - Snap shot by Shawn Matthias.
17:12 of 1st period - Stopped by Matt Hackett without a rebound.
17:13 of 1st period - Blake Pietila wins face-off versus Brian Flynn in Blackdemons zone.
17:13 of 1st period - Blake Pietila is hit by Niklas Hjalmarsson.
18:04 of 1st period - Minor Penalty to Keaton Ellerby for Tripping.
18:05 of 1st period - Patrice Cormier wins face-off versus Brian Flynn in Blackdemons zone.
18:33 of 1st period - Snap shot by Jesse Joensuu.
18:33 of 1st period - Shot Misses the Net.
18:35 of 1st period - Slapshot by Phil Oreskovic.
18:35 of 1st period - Shot Misses the Net.
18:37 of 1st period - Slapshot by Niklas Hjalmarsson.
18:37 of 1st period - Deflect By Hugh Jessiman.
18:37 of 1st period - Shot Misses the Net.
18:37 of 1st period - Puck is out of play.
18:38 of 1st period - Dana Tyrell wins face-off versus Patrice Cormier in Blackdemons zone.
18:39 of 1st period - Snap shot by Jesse Joensuu.
18:39 of 1st period - Goal by Jesse Joensuu - Little Stars : 1 - Blackdemons : 2.
18:40 of 1st period - Brian Flynn wins face-off versus Patrice Cormier in neutral zone.
18:48 of 1st period - Slapshot by Phil Oreskovic.
18:48 of 1st period - Stopped by Matt Hackett without a rebound.
18:49 of 1st period - Patrice Cormier wins face-off versus Brian Flynn in Blackdemons zone.
19:16 of 1st period - Snap shot by Mikko Lehtonen.
19:16 of 1st period - Shot Misses the Net.
19:22 of 1st period - Slapshot by Mikko Lehtonen.
19:22 of 1st period - Stopped by Jhonas Enroth without a rebound.
19:23 of 1st period - Dana Tyrell wins face-off versus Noel Acciari in Little Stars zone.
19:23 of 1st period - Dana Tyrell is hit by Alexandre Grenier.
19:33 of 1st period - Snap shot by Noel Acciari.
19:33 of 1st period - Shot Blocked by Yannick Weber.
Goals for this period are 1 for Little Stars vs 2 for Blackdemons.
Shots for this period are 18 for Little Stars vs 10 for Blackdemons.
2nd period
0:01 of 2nd period - Brian Flynn wins face-off versus Blake Pietila in neutral zone.
0:30 of 2nd period - Wrist shot by Dana Tyrell.
0:30 of 2nd period - Goal by Dana Tyrell - Little Stars : 2 - Blackdemons : 2.
0:31 of 2nd period - Brian Flynn wins face-off versus Patrice Cormier in neutral zone.
0:40 of 2nd period - Wrist shot by Alex Chiasson.
0:40 of 2nd period - Stopped by Matt Hackett with a rebound.
1:13 of 2nd period - Snap shot by Patrice Cormier.
1:13 of 2nd period - Deflect By Mikko Lehtonen.
1:13 of 2nd period - Shot Blocked by Yannick Weber.
1:13 of 2nd period - Puck is out of play.
1:14 of 2nd period - Noel Acciari wins face-off versus Brian Flynn in Little Stars zone.
2:09 of 2nd period - Slapshot by Shawn Matthias.
2:09 of 2nd period - Stopped by Matt Hackett with a rebound.
2:11 of 2nd period - Snap shot by Niklas Hjalmarsson.
2:11 of 2nd period - Shot Blocked by Andrew MacDonald.
2:55 of 2nd period - Wrist shot by Alex Chiasson.
2:55 of 2nd period - Shot Misses the Net.
2:57 of 2nd period - Snap shot by Shawn Matthias.
2:57 of 2nd period - Shot Misses the Net.
2:59 of 2nd period - Slapshot by Phil Oreskovic.
2:59 of 2nd period - Stopped by Matt Hackett without a rebound.
3:00 of 2nd period - Dana Tyrell wins face-off versus Mikko Lehtonen in Blackdemons zone.
3:09 of 2nd period - Snap shot by Patrice Cormier.
3:09 of 2nd period - Shot Misses the Net.
3:34 of 2nd period - Scott Wilson is hit by Mathieu Perreault and loses puck.
4:21 of 2nd period - Slapshot by Tyson Barrie.
4:21 of 2nd period - Stopped by Matt Hackett without a rebound.
4:22 of 2nd period - Mathieu Perreault wins face-off versus Noel Acciari in Blackdemons zone.
4:29 of 2nd period - Mathew Dumba is hit by Jesper Fast and loses puck.
4:53 of 2nd period - Charles-Olivier Roussel is hit by Hugh Jessiman and loses puck.
4:58 of 2nd period - Wrist shot by Jesse Joensuu.
4:58 of 2nd period - Shot Misses the Net.
5:21 of 2nd period - Snap shot by Patrice Cormier.
5:21 of 2nd period - Stopped by Jhonas Enroth without a rebound.
5:22 of 2nd period - Jesse Joensuu wins face-off versus Noel Acciari in Little Stars zone.
5:22 of 2nd period - Jesse Joensuu is hit by Noel Acciari.
5:48 of 2nd period - Alexandre Grenier is hit by Brian Flynn and loses puck.
6:10 of 2nd period - Calvin de Haan is hit by Niklas Hjalmarsson and loses puck.
6:42 of 2nd period - Wrist shot by Kyle Rau.
6:42 of 2nd period - Stopped by Jhonas Enroth with a rebound.
6:44 of 2nd period - Slapshot by Kyle Rau.
6:44 of 2nd period - Shot Misses the Net.
7:02 of 2nd period - Snap shot by Mikko Lehtonen.
7:02 of 2nd period - Shot Blocked by Jesper Fast.
7:04 of 2nd period - Slapshot by Andrew MacDonald.
7:04 of 2nd period - Stopped by Jhonas Enroth without a rebound.
7:05 of 2nd period - Dana Tyrell wins face-off versus Scott Timmins in Little Stars zone.
7:30 of 2nd period - Blake Pietila is hit by Alex Chiasson and loses puck.
7:37 of 2nd period - Slapshot by Andrew MacDonald.
7:37 of 2nd period - Shot Blocked by Brian Flynn.
7:39 of 2nd period - Snap shot by Blake Pietila.
7:39 of 2nd period - Goal by Blake Pietila - Little Stars : 2 - Blackdemons : 3.
7:40 of 2nd period - Patrice Cormier wins face-off versus Brian Flynn in neutral zone.
7:51 of 2nd period - Wrist shot by Blake Pietila.
7:51 of 2nd period - Stopped by Jhonas Enroth with a rebound.
7:53 of 2nd period - Slapshot by Patrice Cormier.
7:53 of 2nd period - Shot Blocked by Yannick Weber.
7:55 of 2nd period - Slapshot by Blake Pietila.
7:55 of 2nd period - Shot Blocked by Yannick Weber.
8:25 of 2nd period - Backhand shot by Niklas Hjalmarsson.
8:25 of 2nd period - Shot Blocked by Mathew Dumba.
8:27 of 2nd period - Slapshot by Phil Oreskovic.
8:27 of 2nd period - Stopped by Matt Hackett with a rebound.
8:35 of 2nd period - Wrist shot by Robert Klinkhammer.
8:35 of 2nd period - Shot Misses the Net.
8:37 of 2nd period - Slapshot by Niklas Hjalmarsson.
8:37 of 2nd period - Shot Blocked by Charles-Olivier Roussel.
8:49 of 2nd period - Shawn Matthias is hit by Patrice Cormier and loses puck.
9:10 of 2nd period - Kyle Rau is hit by Phil Oreskovic and loses puck.
9:44 of 2nd period - Jesse Joensuu is hit by Scott Wilson and loses puck.
9:55 of 2nd period - Jeffrey Foss is hit by Brian Flynn and loses puck.
10:00 of 2nd period - Wrist shot by Alex Chiasson.
10:00 of 2nd period - Stopped by Matt Hackett with a rebound.
10:02 of 2nd period - Snap shot by Shawn Matthias.
10:02 of 2nd period - Stopped by Matt Hackett without a rebound.
10:03 of 2nd period - Brian Flynn wins face-off versus Patrice Cormier in Blackdemons zone.
10:12 of 2nd period - Snap shot by Alex Chiasson.
10:12 of 2nd period - Stopped by Matt Hackett without a rebound.
10:13 of 2nd period - Mikko Lehtonen wins face-off versus Brian Flynn in Blackdemons zone.
10:17 of 2nd period - Off-side.
10:18 of 2nd period - Mikko Lehtonen wins face-off versus Brian Flynn in neutral zone.
10:53 of 2nd period - Slapshot by Andrew MacDonald.
10:53 of 2nd period - Stopped by Jhonas Enroth without a rebound.
10:54 of 2nd period - Noel Acciari wins face-off versus Alexander Vasyunov in Little Stars zone.
10:54 of 2nd period - Calvin de Haan is hit by Phil Oreskovic and loses puck.
12:07 of 2nd period - Wrist shot by Jesse Joensuu.
12:07 of 2nd period - Shot Misses the Net.
12:09 of 2nd period - Slapshot by Hugh Jessiman.
12:09 of 2nd period - Shot Misses the Net.
12:11 of 2nd period - Slapshot by Phil Oreskovic.
12:11 of 2nd period - Stopped by Matt Hackett without a rebound.
12:12 of 2nd period - Patrice Cormier wins face-off versus Dana Tyrell in Blackdemons zone.
12:17 of 2nd period - Slapshot by Andrew MacDonald.
12:17 of 2nd period - Deflect By Jesse Joensuu.
12:17 of 2nd period - Stopped by Jhonas Enroth without a rebound.
12:18 of 2nd period - Jesse Joensuu wins face-off versus Blake Pietila in Little Stars zone.
12:21 of 2nd period - Snap shot by Patrice Cormier.
12:21 of 2nd period - Stopped by Jhonas Enroth with a rebound.
12:32 of 2nd period - Off-side.
12:33 of 2nd period - Brian Flynn wins face-off versus Noel Acciari in neutral zone.
12:51 of 2nd period - Minor Penalty to Shawn Matthias for Hooking.
12:52 of 2nd period - Patrice Cormier wins face-off versus Alex Chiasson in Little Stars zone.
12:53 of 2nd period - Wrist shot by Mikko Lehtonen.
12:53 of 2nd period - Shot Misses the Net.
13:33 of 2nd period - Minor Penalty to Alexandre Grenier for High sticking.
13:34 of 2nd period - Patrice Cormier wins face-off versus Alex Chiasson in Blackdemons zone.
13:47 of 2nd period - Snap shot by Mikko Lehtonen.
13:47 of 2nd period - Shot Misses the Net.
13:49 of 2nd period - Snap shot by Mikko Lehtonen.
13:49 of 2nd period - Stopped by Jhonas Enroth without a rebound.
13:50 of 2nd period - Patrice Cormier wins face-off versus Alex Chiasson in Little Stars zone.
14:19 of 2nd period - Jeffrey Foss is hit by Yannick Weber and loses puck.
14:47 of 2nd period - Wrist shot by Noel Acciari.
14:47 of 2nd period - Shot Misses the Net.
14:49 of 2nd period - Wrist shot by Scott Timmins.
14:49 of 2nd period - Deflect By Noel Acciari.
14:49 of 2nd period - Shot Blocked by Yannick Weber.
14:49 of 2nd period - Puck is out of play.
14:50 of 2nd period - Patrice Cormier wins face-off versus Alexander Vasyunov in Little Stars zone.
14:51 of 2nd period - Penalty to Shawn Matthias is over, Shawn Matthias is back on ice.
15:01 of 2nd period - Slapshot by Jesse Joensuu.
15:01 of 2nd period - Stopped by Matt Hackett without a rebound.
15:02 of 2nd period - Dana Tyrell wins face-off versus Noel Acciari in Blackdemons zone.
15:29 of 2nd period - Keaton Ellerby is hit by Shawn Matthias and loses puck.
15:33 of 2nd period - Penalty to Alexandre Grenier is over, Alexandre Grenier is back on ice.
15:45 of 2nd period - Snap shot by Mathieu Perreault.
15:45 of 2nd period - Stopped by Matt Hackett without a rebound.
15:46 of 2nd period - Noel Acciari wins face-off versus Dana Tyrell in Blackdemons zone.
15:55 of 2nd period - Slapshot by Jeffrey Foss.
15:55 of 2nd period - Stopped by Jhonas Enroth with a rebound.
15:57 of 2nd period - Slapshot by Calvin de Haan.
15:57 of 2nd period - Shot Blocked by Andrej Sustr.
15:59 of 2nd period - Wrist shot by Noel Acciari.
15:59 of 2nd period - Stopped by Jhonas Enroth with a rebound.
16:23 of 2nd period - Wrist shot by James Livingstone.
16:23 of 2nd period - Shot Misses the Net.
16:53 of 2nd period - Andrew MacDonald is hit by Alexander Vasyunov and loses puck.
16:59 of 2nd period - Minor Penalty to Mackenzie MacEachern for Interference.
17:00 of 2nd period - Brian Flynn wins face-off versus Patrice Cormier in Blackdemons zone.
17:22 of 2nd period - Andrew MacDonald is hit by Shawn Matthias.
17:43 of 2nd period - Off-side.
17:44 of 2nd period - Patrice Cormier wins face-off versus Brian Flynn in neutral zone.
18:59 of 2nd period - Penalty to Mackenzie MacEachern is over, Mackenzie MacEachern is back on ice.
19:12 of 2nd period - Slapshot by Noel Acciari.
19:12 of 2nd period - Goal by Noel Acciari - Little Stars : 2 - Blackdemons : 4.
19:13 of 2nd period - Blake Pietila wins face-off versus Brian Flynn in neutral zone.
Goals for this period are 1 for Little Stars vs 2 for Blackdemons.
Shots for this period are 12 for Little Stars vs 12 for Blackdemons.
3rd period
0:01 of 3rd period - Brian Flynn wins face-off versus Patrice Cormier in neutral zone.
0:05 of 3rd period - Off-side.
0:06 of 3rd period - Brian Flynn wins face-off versus Patrice Cormier in neutral zone.
1:00 of 3rd period - Slapshot by Andrew MacDonald.
1:00 of 3rd period - Deflect By Scott Wilson.
1:00 of 3rd period - Stopped by Jhonas Enroth without a rebound.
1:01 of 3rd period - Brian Flynn wins face-off versus Noel Acciari in Little Stars zone.
1:33 of 3rd period - Wrist shot by Dana Tyrell.
1:33 of 3rd period - Shot Misses the Net.
1:35 of 3rd period - Slapshot by Andrej Sustr.
1:35 of 3rd period - Shot Misses the Net.
1:37 of 3rd period - Slapshot by Yannick Weber.
1:37 of 3rd period - Goal by Yannick Weber - Little Stars : 3 - Blackdemons : 4.
1:38 of 3rd period - Patrice Cormier wins face-off versus Brian Flynn in neutral zone.
1:43 of 3rd period - Snap shot by Patrice Cormier.
1:43 of 3rd period - Stopped by Jhonas Enroth with a rebound.
2:05 of 3rd period - Phil Oreskovic is hit by Andrew MacDonald and loses puck.
2:32 of 3rd period - Wrist shot by Scott Timmins.
2:32 of 3rd period - Shot Blocked by Yannick Weber.
2:46 of 3rd period - Andrej Sustr is hit by Kyle Rau and loses puck.
3:01 of 3rd period - Shawn Matthias is hit by Calvin de Haan and loses puck.
3:24 of 3rd period - Backhand shot by James Livingstone.
3:24 of 3rd period - Shot Misses the Net.
3:36 of 3rd period - Scott Timmins is hit by Hugh Jessiman and loses puck.
4:20 of 3rd period - Backhand shot by Robert Klinkhammer.
4:20 of 3rd period - Stopped by Matt Hackett with a rebound.
4:58 of 3rd period - Snap shot by Jesse Joensuu.
4:58 of 3rd period - Shot Misses the Net.
5:00 of 3rd period - Snap shot by Hugh Jessiman.
5:00 of 3rd period - Stopped by Matt Hackett with a rebound.
5:12 of 3rd period - Slapshot by Calvin de Haan.
5:12 of 3rd period - Stopped by Jhonas Enroth without a rebound.
5:13 of 3rd period - Scott Timmins wins face-off versus Mathieu Perreault in Little Stars zone.
5:14 of 3rd period - Snap shot by Andrew MacDonald.
5:14 of 3rd period - Stopped by Jhonas Enroth with a rebound.
5:38 of 3rd period - Niklas Hjalmarsson is hit by Andrew MacDonald and loses puck.
6:01 of 3rd period - Snap shot by Robert Klinkhammer.
6:01 of 3rd period - Stopped by Matt Hackett with a rebound.
6:03 of 3rd period - Snap shot by Daniel O'regan.
6:03 of 3rd period - Stopped by Matt Hackett with a rebound.
6:28 of 3rd period - Icing by Scott Wilson.
6:29 of 3rd period - Scott Timmins wins face-off versus Brian Flynn in Blackdemons zone.
6:45 of 3rd period - Wrist shot by Brian Flynn.
6:45 of 3rd period - Shot Blocked by Brett Kulak.
7:21 of 3rd period - Snap shot by Max Friberg.
7:21 of 3rd period - Shot Misses the Net.
7:35 of 3rd period - Wrist shot by Brian Flynn.
7:35 of 3rd period - Shot Blocked by Jyrki Jokipakka.
7:37 of 3rd period - Wrist shot by Andrej Sustr.
7:37 of 3rd period - Stopped by Matt Hackett with a rebound.
8:00 of 3rd period - Minor Penalty to Keaton Ellerby for Roughing.
8:01 of 3rd period - Patrice Cormier wins face-off versus Brian Flynn in Blackdemons zone.
8:06 of 3rd period - Andrew MacDonald is hit by Brian Flynn and loses puck.
8:11 of 3rd period - Snap shot by Alex Chiasson.
8:11 of 3rd period - Shot Misses the Net.
9:55 of 3rd period - Andrew MacDonald is hit by Dana Tyrell and loses puck.
10:00 of 3rd period - Penalty to Keaton Ellerby is over, Keaton Ellerby is back on ice.
10:40 of 3rd period - Mathieu Perreault is hit by Alexandre Grenier and loses puck.
11:37 of 3rd period - Robert Klinkhammer is hit by Keaton Ellerby and loses puck.
11:44 of 3rd period - Slapshot by Andrej Sustr.
11:44 of 3rd period - Stopped by Matt Hackett with a rebound.
11:46 of 3rd period - Snap shot by Andrej Sustr.
11:46 of 3rd period - Shot Misses the Net.
11:48 of 3rd period - Slapshot by Andrej Sustr.
11:48 of 3rd period - Shot Hit the Post.
12:02 of 3rd period - Snap shot by Tyson Barrie.
12:02 of 3rd period - Shot Blocked by Mikko Lehtonen.
12:04 of 3rd period - Slapshot by Andrej Sustr.
12:04 of 3rd period - Shot Blocked by Mikko Lehtonen.
12:06 of 3rd period - Slapshot by Andrej Sustr.
12:06 of 3rd period - Shot Blocked by Keaton Ellerby.
12:08 of 3rd period - Slapshot by Andrej Sustr.
12:08 of 3rd period - Shot Misses the Net.
12:10 of 3rd period - Snap shot by Robert Klinkhammer.
12:10 of 3rd period - Stopped by Matt Hackett with a rebound.
12:12 of 3rd period - Snap shot by Robert Klinkhammer.
12:12 of 3rd period - Stopped by Matt Hackett with a rebound.
12:20 of 3rd period - Wrist shot by Robert Klinkhammer.
12:20 of 3rd period - Stopped by Matt Hackett with a rebound.
12:22 of 3rd period - Snap shot by Nail Yakupov.
12:22 of 3rd period - Shot Misses the Net.
12:26 of 3rd period - Wrist shot by Daniel O'regan.
12:26 of 3rd period - Stopped by Matt Hackett without a rebound.
12:27 of 3rd period - Noel Acciari wins face-off versus Brian Flynn in Blackdemons zone.
13:06 of 3rd period - Phil Oreskovic is hit by Scott Timmins and loses puck.
13:23 of 3rd period - Alexander Vasyunov is hit by Mikko Lehtonen.
13:37 of 3rd period - Snap shot by Kyle Rau.
13:37 of 3rd period - Stopped by Jhonas Enroth with a rebound.
13:55 of 3rd period - Alex Chiasson is hit by Andrew MacDonald and loses puck.
14:00 of 3rd period - Wrist shot by Calvin de Haan.
14:00 of 3rd period - Stopped by Jhonas Enroth with a rebound.
14:02 of 3rd period - Wrist shot by Scott Wilson.
14:02 of 3rd period - Shot Blocked by Yannick Weber.
14:40 of 3rd period - Snap shot by Scott Timmins.
14:40 of 3rd period - Stopped by Jhonas Enroth with a rebound.
14:56 of 3rd period - Snap shot by Max Friberg.
14:56 of 3rd period - Shot Misses the Net.
15:04 of 3rd period - Alexander Vasyunov is hit by Kyle Rau and loses puck.
15:15 of 3rd period - Slapshot by Andrew MacDonald.
15:15 of 3rd period - Stopped by Jhonas Enroth with a rebound.
15:26 of 3rd period - Icing by Keaton Ellerby.
15:27 of 3rd period - Dana Tyrell wins face-off versus Patrice Cormier in Blackdemons zone.
15:36 of 3rd period - Wrist shot by Mikko Lehtonen.
15:36 of 3rd period - Stopped by Jhonas Enroth with a rebound.
15:42 of 3rd period - Blake Pietila is hit by Tyson Barrie and loses puck.
16:37 of 3rd period - Slapshot by Keaton Ellerby.
16:37 of 3rd period - Deflect By Kyle Rau.
16:37 of 3rd period - Stopped by Jhonas Enroth with a rebound.
16:39 of 3rd period - Wrist shot by Kyle Rau.
16:39 of 3rd period - Shot Misses the Net.
16:41 of 3rd period - Slapshot by Keaton Ellerby.
16:41 of 3rd period - Deflect By Mackenzie MacEachern.
16:41 of 3rd period - Stopped by Jhonas Enroth with a rebound.
16:43 of 3rd period - Snap shot by Max Friberg.
16:43 of 3rd period - Stopped by Jhonas Enroth with a rebound.
16:56 of 3rd period - Off-side.
16:57 of 3rd period - Patrice Cormier wins face-off versus Daniel O'regan in neutral zone.
17:00 of 3rd period - Slapshot by Calvin de Haan.
17:00 of 3rd period - Shot Misses the Net.
17:05 of 3rd period - Off-side.
17:06 of 3rd period - Patrice Cormier wins face-off versus Mathieu Perreault in neutral zone.
17:38 of 3rd period - Wrist shot by Noel Acciari.
17:38 of 3rd period - Shot Blocked by Niklas Hjalmarsson.
17:40 of 3rd period - Slapshot by Charles-Olivier Roussel.
17:40 of 3rd period - Shot Misses the Net.
17:42 of 3rd period - Snap shot by Scott Wilson.
17:42 of 3rd period - Stopped by Jhonas Enroth with a rebound.
17:44 of 3rd period - Snap shot by Scott Wilson.
17:44 of 3rd period - Stopped by Jhonas Enroth with a rebound.
17:54 of 3rd period - Charles-Olivier Roussel is hit by Phil Oreskovic and loses puck.
18:13 of 3rd period - Wrist shot by Alexandre Grenier.
18:13 of 3rd period - Stopped by Jhonas Enroth without a rebound.
18:14 of 3rd period - Dana Tyrell wins face-off versus Noel Acciari in Little Stars zone.
18:14 of 3rd period - Dana Tyrell is hit by Jyrki Jokipakka.
18:22 of 3rd period - Snap shot by Hugh Jessiman.
18:22 of 3rd period - Stopped by Matt Hackett with a rebound.
18:45 of 3rd period - Little Stars, Jhonas Enroth is pulled from the net.
19:05 of 3rd period - Wrist shot by Shawn Matthias.
19:05 of 3rd period - Shot Misses the Net.
19:07 of 3rd period - Slapshot by Brian Flynn.
19:07 of 3rd period - Stopped by Matt Hackett with a rebound.
19:09 of 3rd period - Snap shot by Phil Oreskovic.
19:09 of 3rd period - Shot Blocked by Jeffrey Foss.
19:11 of 3rd period - Snap shot by Brian Flynn.
19:11 of 3rd period - Stopped by Matt Hackett with a rebound.
19:15 of 3rd period - Wrist shot by Shawn Matthias.
19:15 of 3rd period - Stopped by Matt Hackett without a rebound.
19:16 of 3rd period - Todd McLellan call a timeout for Little Stars.
19:16 of 3rd period - Patrice Cormier wins face-off versus Brian Flynn in Blackdemons zone.
19:21 of 3rd period - Tyson Barrie is hit by Andrew MacDonald and loses puck.
19:48 of 3rd period - Snap shot by Alex Chiasson.
19:48 of 3rd period - Shot Blocked by Blake Pietila.
19:50 of 3rd period - Snap shot by Alex Chiasson.
19:50 of 3rd period - Shot Blocked by Keaton Ellerby.
19:52 of 3rd period - Snap shot by Shawn Matthias.
19:52 of 3rd period - Stopped by Matt Hackett with a rebound.
19:54 of 3rd period - Snap shot by Shawn Matthias.
19:54 of 3rd period - Stopped by Matt Hackett without a rebound.
19:55 of 3rd period - Patrice Cormier wins face-off versus Brian Flynn in Blackdemons zone.
Goals for this period are 1 for Little Stars vs 0 for Blackdemons.
Shots for this period are 17 for Little Stars vs 15 for Blackdemons.
Back to the Top